[Event "SixDays Budapest GM-B May 2024"]
[Site "Budapest"]
[Date "2024.05.18"]
[Round "4.1"]
[White "Jinan Jomon"]
[Black "Stefansson, Vignir Vatnar"]
[Result "0-1"]
[ECO "A13"]
[WhiteElo "2380"]
[BlackElo "2463"]
[Annotator "TA"]
[PlyCount "82"]
[EventDate "2024.05.15"]
[EventType "tourn"]
[EventCountry "HUN"]
[SourceTitle "playchess.com"]
[Source "ChessBase"]
[SourceQuality "1"]
[TimeControl "40/5400+30:1800+30"]

1. c4 e6 2. Nf3 d5 3. e3 Nf6 4. Nc3 dxc4 5. Bxc4 c5 6. d4 a6 7. O-O b5 8. Bb3 Bb7 9. Qe2 Qc7 10. dxc5 Bxc5 11. e4 $1 Nc6 (11... O-O $11) 12. e5 $1 $14 Nd7 13. Bf4 Nd4 14. Nxd4 Bxd4 15. Rfd1 $36 {[%emt 0:12:39][%mdl 2048] White is really pushing.} Qb6 16. Qd2 Qc6 $1 17. Bd5 (17. Qxd4 $2 Qxg2#) 17... Bxc3 18. Bxc6 Bxd2 19. Bxb7 Bxf4 (19... Rb8 $14) 20. Bxa8 $16 {[%emt 0:00:20] [#] Bc6 is the strong threat.} Ke7 21. Be4 Rc8 22. a4 (22. Bxh7 $6 g6 $11) 22... Bxe5 (22... bxa4 $16 23. Rxa4 Bxe5) 23. axb5 $18 (23. Bxh7 $6 bxa4 (23... Bxb2 24. Ra2 $16) 24. Rxa4 g6 $11) 23... axb5 24. Ra7 $1 (24. Bxh7 $6 g6 $14) 24... Bd6 25. b4 (25. Bxh7 g6 $11) 25... Rc7 ({But not} 25... Rc4 $2 26. Bd3 (26. Bxh7 Rc7 $18) 26... Rc7 (26... Rxb4 $2 27. Rb7 $18) 27. Rxc7 Bxc7 28. Bxb5 $18) 26. Rda1 Rc4 27. Bxh7 ({Better is} 27. Bf3 $18) 27... g6 $1 $14 28. Bg8 {[%emt 0:00:28][%cal Og8f7] Black must now prevent Bxf7!} Bc7 $1 29. Rb7 (29. g3 $5) 29... Nf6 30. Bxf7 Kxf7 31. Rxb5 Nd5 32. g3 Bb6 {[%emt 0:00:37][%cal Oc4c2] Prevents Ra7+.} 33. Rd1 (33. Ra6 $11 Bd4 34. Rb7+ Kf6 35. Ra8) 33... Nc3 $17 {[%emt 0:01:32] Black is more active.} 34. Rd7+ Ke8 35. Rd6 $2 (35. Rxb6 $17 Kxd7 36. Rb7+ Kd6 37. Rg7) 35... Bxf2+ $19 (35... Nxb5 36. Rxe6+ Kf7 37. Rxb6 Rxb4 38. Rb7+ Kf6 39. Rb6+ Kf5 40. h4 $11) 36. Kg2 $2 (36. Kxf2 Ne4+ (36... Nxb5 37. Rxe6+ Kf7 38. Re2 $19) 37. Ke3 Nxd6 38. Rb6) 36... Nxb5 {[%emt 0:00:11] Black is clearly winning.} 37. Rxe6+ Kf7 38. Re5 {[%emt 0:00:05] [#]} Bxg3 39. Kxg3 Rxb4 40. h4 (40. Re2 $142) 40... Nd6 41. h5 Nf5+ {[%emt 0:30:09] Black used his chance.   Weighted Error Value: White=0.61/Black=0.16 (very precise) .  Loses game:     	White=1     	---        Mistake:       	White=4     	Black=3      Inaccurate:     	White=4     	Black=4      OK:         	White=10    	Black=7      Best:        	White=4     	Black=6      Strong:       	White=3     	Black=3} 0-1

[Event "SixDays Budapest GM-B May 2024"]
[Site "Budapest"]
[Date "2024.05.18"]
[Round "4.2"]
[White "Palczert, Matyas"]
[Black "Kuru, Atilla"]
[Result "1/2-1/2"]
[ECO "C10"]
[WhiteElo "2333"]
[BlackElo "2313"]
[Annotator "TA"]
[PlyCount "79"]
[EventDate "2024.05.15"]
[EventType "tourn"]
[EventCountry "HUN"]
[SourceTitle "playchess.com"]
[Source "ChessBase"]
[SourceQuality "1"]
[TimeControl "40/5400+30:1800+30"]

1. e4 e6 2. d4 d5 3. Nc3 dxe4 4. Nxe4 Nd7 5. Nf3 Ngf6 6. Nxf6+ Nxf6 7. g3 b6 8. Bb5+ Bd7 9. a4 Bd6 {[%emt 0:01:20] White has an edge.} 10. O-O a6 11. Be2 Bc6 12. Ne5 Bxe5 13. dxe5 Qd5 14. Qxd5 (14. exf6 $2 Qh1#) 14... Nxd5 15. a5 b5 16. Bd2 O-O 17. b3 b4 18. Rfd1 Rfd8 19. Bc4 Bb7 20. Bxd5 Rxd5 21. Bxb4 Rad8 22. Rxd5 Rxd5 $14 {[%emt 0:00:09][%mdl 4096] Endgame. KRB-KRB} 23. Re1 h5 24. Re3 (24. f4 $14 {is more appropriate.}) 24... Rd1+ $11 25. Be1 Rc1 26. c4 Kf8 27. Kf1 Rc2 28. Rd3 Ke8 29. Bc3 ({Better is} 29. Bd2 $16) 29... Be4 30. Re3 Bc6 ({Black should play} 30... Rc1+ $11 31. Ke2 Rc2+ 32. Kd1 Bf5) 31. Ke1 g5 32. Bd2 g4 33. Ke2 Rb2 34. Kd1 Ra2 35. Kc1 Ra1+ $1 {[%emt 0:00:26] The position is equal.} 36. Kb2 Rh1 37. Kc3 Rxh2 38. Be1 h4 39. gxh4 Rxh4 40. Kb4 {[%emt 0:01:09] Weighted Error Value: White=0.12 (very precise) /Black=0.08 (flawless) .  Mistake:       	White=2     	Black=1      Inaccurate:     	White=4     	Black=3      OK:         	White=19    	Black=9      Best:        	---       	Black=2      Strong:       	---       	Black=1} 1/2-1/2

[Event "SixDays Budapest GM-B May 2024"]
[Site "Budapest"]
[Date "2024.05.18"]
[Round "4.3"]
[White "Krishnan, Ritvik"]
[Black "Fodor, Tamas Jr."]
[Result "0-1"]
[ECO "C50"]
[WhiteElo "2298"]
[BlackElo "2486"]
[Annotator "TA"]
[PlyCount "106"]
[EventDate "2024.05.15"]
[EventType "tourn"]
[EventCountry "HUN"]
[SourceTitle "playchess.com"]
[Source "ChessBase"]
[SourceQuality "1"]
[TimeControl "40/5400+30:1800+30"]

1. e4 e5 2. Nf3 Nc6 3. Bc4 Bc5 4. O-O Nf6 5. d3 d6 6. c3 a5 7. Re1 Ba7 8. Na3 O-O {[%emt 0:00:40] The position is equal.} 9. Nb5 Bb6 10. h3 h6 11. Be3 Bxe3 12. Rxe3 Qe7 13. d4 g6 14. a4 Nh5 15. Kh2 Nf4 16. Qd2 Kg7 17. Rae1 Nb8 18. Bf1 g5 19. Ng1 f6 20. Ne2 Kh7 21. Ng3 Be6 22. Nf5 Qd7 23. g3 Nh5 24. Rf3 ({Better is} 24. h4 $1) 24... Ng7 25. c4 (25. dxe5 $16 {Strongly threatening Nxg7.} fxe5 26. h4) 25... Na6 $14 26. b3 Nb4 27. Nxg7 Kxg7 28. Rd1 Qe7 29. Rc3 Rad8 30. f4 Bf7 (30... exf4 $5 31. gxf4 c6 $14) 31. Re1 Kh7 32. Be2 (32. f5 $15) 32... Bg6 $2 (32... gxf4 $17 {aiming for ...c6.} 33. gxf4 c6) 33. f5 $11 Be8 34. d5 Na6 35. Re3 c6 36. Na3 Qc7 37. Rb1 Kg7 38. Kg2 Bf7 39. Rc3 Rc8 40. Rbc1 Qb6 41. Nc2 cxd5 42. exd5 Rfe8 43. Qe3 (43. Na3 {is more complex.} Qd4 44. Rd3 Qc5 45. Nb5) 43... Qc7 44. Na3 Qd7 45. Nb5 Nc5 46. Rf1 h5 47. Kh2 Rh8 48. Kg2 Qe7 49. Nd4 (49. Qxg5+ $2 fxg5 50. f6+ Qxf6 51. Rxf6 Kxf6 $19) 49... exd4 50. Qxe7 Rhe8 {[%emt 0:00:08] [#]} 51. Qxd6 Rxe2+ $19 {[%emt 0:00:08] Black is clearly winning.} 52. Kf3 {[%emt 0:00:18] [#]} Rh2 ({Not} 52... Ne4 53. Qb6 (53. Qd7 Nxc3 54. Qxc8 d3 $11) 53... Nxc3 54. Qxd4 $11) 53. Rcc1 {[%emt 0:00:58] [#]} Re8 $1 {[%emt 0:00:34] Weighted Error Value: White=0.32/Black=0.15 (very precise) .  Loses game:     	White=1     	---        Mistake:       	White=3     	Black=1      Inaccurate:     	White=6     	Black=8      OK:         	White=9     	Black=14     Best:        	White=3     	Black=3} 0-1

[Event "SixDays Budapest GM-B May 2024"]
[Site "Budapest"]
[Date "2024.05.18"]
[Round "4.4"]
[White "Lamard, Guillaume"]
[Black "Lu, Maximillian"]
[Result "1/2-1/2"]
[ECO "B92"]
[WhiteElo "2504"]
[BlackElo "2373"]
[Annotator "TA"]
[PlyCount "126"]
[EventDate "2024.05.15"]
[EventType "tourn"]
[EventCountry "HUN"]
[SourceTitle "playchess.com"]
[Source "ChessBase"]
[SourceQuality "1"]
[TimeControl "40/5400+30:1800+30"]

1. e4 c5 2. Nf3 d6 3. d4 cxd4 4. Nxd4 Nf6 5. Nc3 a6 6. Be2 e5 7. Nb3 Be7 8. O-O O-O 9. Qd3 Be6 10. Bd2 {[%emt 0:00:17] B92: Sicilian Najdorf: 6 Be2.} Nc6 11. Nd5 Bxd5 12. exd5 e4 13. Qe3 Nxd5 14. Qxe4 Nf6 15. Qf5 Qc8 $146 ({Predecessor:} 15... d5 16. Rad1 g6 17. Qh3 Qc7 18. Bd3 Rfe8 19. Rfe1 Rad8 20. Qf3 Nh5 21. g4 Ng7 {½-½ Vachier Lagrave,M (2758)-Giri,A (2776) Carlsen Inv KO rapid 2021 (1.23)}) 16. Qxc8 Raxc8 17. c3 Rfe8 18. Rad1 d5 19. Rfe1 h6 20. Bf4 Bd8 21. Be3 Bc7 22. h3 Re7 23. Bc5 Re6 24. Bf1 Rce8 25. Rxe6 fxe6 26. Be3 Ne4 27. c4 dxc4 28. Bxc4 Be5 29. Bc1 Nd6 (29... Kf7 $11) 30. Bf1 Rd8 31. Re1 Kf7 32. Na5 Nxa5 33. Rxe5 Rc8 34. Re1 Nf5 35. Bd2 Nc6 36. Bc3 Nfe7 37. Bd2 Nd5 38. Rc1 Nce7 39. Rxc8 Nxc8 40. Bd3 Nd6 41. g3 Kf6 42. f4 e5 43. fxe5+ Kxe5 44. Kf1 Ne4 45. Be1 Kd4 46. Ke2 g5 47. Bb1 h5 48. Kf3 Ndf6 49. Ba5 Ke5 50. Bc7+ Kd4 51. Ba5 Ke5 52. g4 b6 53. Be1 hxg4+ 54. hxg4 Kd4 55. Bc2 Nd7 56. Ke2 (56. Bxe4 $5 Ne5+ $8 57. Ke2 Kxe4 58. Bd2 $17) 56... Ne5 57. Bxe4 Kxe4 58. Bd2 Nxg4 59. Bxg5 Kd4 60. Kd2 b5 61. Bd8 Kc4 62. b3+ Kd5 63. a4 bxa4 1/2-1/2

[Event "SixDays Budapest GM-B May 2024"]
[Site "Budapest"]
[Date "2024.05.18"]
[Round "4.5"]
[White "Borgaonkar Akshay"]
[Black "Horvath, Adam"]
[Result "1-0"]
[ECO "B42"]
[WhiteElo "2374"]
[BlackElo "2448"]
[Annotator "TA"]
[PlyCount "93"]
[EventDate "2024.05.15"]
[EventType "tourn"]
[EventCountry "HUN"]
[SourceTitle "playchess.com"]
[Source "ChessBase"]
[SourceQuality "1"]
[TimeControl "40/5400+30:1800+30"]

1. e4 c5 2. Nf3 e6 3. d4 cxd4 4. Nxd4 a6 5. Bd3 Bc5 6. Nb3 Ba7 7. Qe2 Ne7 {[%emt 0:02:40] is cutting edge theory. B42: Sicilian: Kan Variation: 5 Bd3.} 8. Be3 O-O 9. Nc3 b5 10. e5 Nbc6 11. Bxa7 Rxa7 12. O-O-O Ng6 $146 ({Predecessor:} 12... b4 13. Na4 Nd5 14. g3 f6 15. exf6 Qxf6 16. f4 Rc7 17. Nac5 Nd4 18. Bxh7+ Kxh7 19. Rxd4 {1-0 Avila Pavas,S (2499)-Smirin,I (2595) FIDE World Cup 2023 (1.5)}) 13. Bxg6 Qg5+ 14. Qd2 Qxd2+ $1 15. Rxd2 fxg6 16. Re1 Rf5 17. Nc5 Rc7 18. Nd3 $1 g5 19. f3 Bb7 20. Nd1 Ne7 21. Ne3 Rf8 22. a3 h5 23. h3 Kh7 24. b4 Ng6 25. Nc5 Bc6 (25... Nxe5 $6 26. Nf1 Nc4 27. Rxd7 Rxd7 28. Nxd7 $16) 26. Nf1 a5 27. Rd4 (27. bxa5 $11 {remains equal.} Ra7 28. Nb3 (28. a6 Rc8 $11)) 27... Ra8 ({Black should play} 27... axb4 $17 28. axb4 Ra7) 28. Kd2 axb4 29. axb4 Ra2 30. Ng3 (30. Nd3 $11 {keeps the balance.}) 30... Kh6 (30... Nf4 $17 31. Rxf4 gxf4 32. Nxh5 g5) 31. Nge4 $11 Nh4 32. Nd6 Kg6 33. Re2 Ra1 34. Kc3 Rg1 35. Rdd2 Ra7 36. Nc8 Ra3+ 37. Kb2 Raa1 38. Ne7+ Kh6 $2 (38... Kf7 $6 39. Nxc6 Rgb1+ 40. Kc3 Ra3+ 41. Nb3 dxc6 42. Kd4 $14) (38... Kh7 $1 $11) 39. Nxc6 $1 $18 (39. Nxd7 $2 Rgb1+ 40. Kc3 Ra3+ 41. Kd4 Bxd7 $19) 39... dxc6 40. Rd6 (40. Nxe6 Nf5 41. Kc3 Ra3+ 42. Kb2 Rga1 $11) 40... Nxg2 (40... Nf5 $142) 41. Nxe6 $18 (41. Rxc6 Nf4 42. Rd2 Kh7 $19 (42... Nxh3 43. Rxe6+ Kh7 44. Re7 $11)) (41. Rxe6+ g6 42. Rxg2 (42. Rxc6 Nf4 $11) 42... Rab1+ 43. Ka2 Ra1+ 44. Kb2 Rab1+ 45. Ka2 Ra1+ 46. Kb2 $11) 41... g6 {[%emt 0:30:06] [#]} 42. Rd7 $2 ({And not} 42. Rxc6 Nh4 $11) (42. Rd8 $1 $18 Kh7 (42... Rgb1+ $2 43. Kc3 $18) 43. Nxg5+ Kh6 44. Ne6) 42... Nh4 $2 {[%emt 0:01:03] [#]} (42... Rgb1+ $1 $11 43. Kc3 Ra3+ 44. Kd2 Nh4) 43. Nd4 ({Only move:} 43. Rd8 $1 $18 Rgb1+ 44. Kc3 Ra3+ (44... Nxf3 45. Rh8#) 45. Kd4 Nxf3+ (45... Rxb4+ $2 {too greedy.} 46. Kc5 $18) 46. Kc5) 43... Rgb1+ (43... Rge1 $14) 44. Kc3 $16 Nxf3 $2 (44... Re1 $16 45. Rxe1 Rxe1) 45. Nxf3 $18 Ra3+ 46. Kd2 Rxf3 47. e6 1-0